 Dungeon Crawl Stone Soup version 0.22-a0-512-g0943f25562 (webtiles) character file.

363 MirrMurr the Slinger (level 7, 0/45 HPs)
             Began as a Halfling Hunter on June 18, 2018.
             Was an Initiate of Trog.
             Slain by a hound (4 damage)
             ... on level 4 of the Dungeon.
             The game lasted 00:10:23 (4846 turns).

MirrMurr the Slinger (Halfling Hunter)              Turns: 4846, Time: 00:10:24

Health: 0/45       AC:  9    Str: 15    XL:     7   Next: 0%
Magic:  7/7        EV: 12    Int:  9    God:    Trog [......]
Gold:   173        SH:  4    Dex: 15    Spells: 6/6 levels left

rFire    + . .     SeeInvis .   b - +0 short sword
rCold    . . .     Gourm    +   z - +0 buckler
rNeg     . . .     Faith    .   v - +0 scale mail
rPois    .         Spirit   .   h - +1 helmet
rElec    .         Reflect  .   x - +0 cloak
rCorr    .         Harm     .   (no gloves)
MR       .....                  (no boots)
Stlth    ..........             q - amulet of the gourmand
HPRegen  0.15/turn              c - ring of protection from fire
MPRegen  0.10/turn              (no ring)

@: slowed, very slow
A: small, mutation resistance 1
a: Renounce Religion


You were on level 4 of the Dungeon.
You worshipped Trog.
Trog was noncommittal.
You were not hungry.

You visited 1 branch of the dungeon, and saw 4 of its levels.

You collected 173 gold pieces.

Inventory:

Hand Weapons
 a - a +2 hunting sling
 b - a +0 short sword (weapon)
Missiles
 d - 20 sling bullets
 e - 106 stones (quivered)
 o - 41 poisoned needles
Armour
 h - a +1 helmet (worn)
 v - a +0 scale mail (worn)
 x - a +0 cloak (worn)
 z - a +0 buckler (worn)
Jewellery
 c - a ring of protection from fire (left hand)
 q - an amulet of the gourmand (around neck)
Wands
 s - a wand of iceblast (10)
Scrolls
 i - a scroll of enchant weapon
 k - 2 scrolls of teleportation
 m - 3 scrolls of magic mapping
 r - a scroll of remove curse
 t - 2 scrolls of fear
 y - 2 scrolls of identify
Potions
 g - a potion of agility
 j - 4 potions of might
 l - 2 potions of degeneration
 n - 2 potions of haste
 w - a potion of heal wounds
Comestibles
 f - 7 rations


   Skills:
 + Level 2.8 Fighting
 + Level 3.0 Short Blades
 * Level 8.2 Slings
 + Level 2.5 Armour
 + Level 3.4 Dodging
 - Level 1.1 Stealth
 + Level 0.0 Shields


You had 6 spell levels left.
You didn't know any spells.
Your spell library was empty.

Dungeon Overview and Level Annotations

Branches:
Dungeon (4/15)
 Temple: D:4-7

Altars:
Cheibriados
Elyvilon
Okawaru
Trog
Yredelemnul


Innate Abilities, Weirdness & Mutations

You are small and have problems with some larger weapons.
You are somewhat resistant to further mutation.


Message History

You completely miss the centaur.
The centaur is heavily wounded.
The hound bites you.
* * * LOW HITPOINT WARNING * * *
The orc wizard barely misses you.
The centaur hits you but does no damage.
The hound barely misses you.
The orc wizard mumbles some strange words.
The orc wizard blinks!
The centaur hits you!
* * * LOW HITPOINT WARNING * * *
You hit the centaur but do no damage.
The centaur is heavily wounded.
The hound bites you but does no damage. The centaur barely misses you.
The hound bites you but does no damage. The centaur barely misses you.
You block the orc's attack.
Unknown command.
You hit the centaur but do no damage.
The centaur is heavily wounded.
The hound bites you.
You die...

****,,,,,,,,,**##....##
* *,,,...,,**##......##
*#
*,,,...,**##........###.
*,,,#..**##......##....#
*,,*#.o* #.............#
****#..* #.....######..#
##..* ##...##....##.#
#..c## ###.#.####.#..
#.oo@## #.#.#_<#.#..
##.h..## #.#.#..#.#..
####.(###.#.#+##.#.#
##.((..#.##..##..
#.....##.####...
##............#.
##..#######...#. #...#
##..## ##...# ##.##


You could see a centaur, a hound, an orc wizard and 2 orcs.

Vanquished Creatures
  An ogre (D:4)
  2 orc wizards (D:4)
  Crazy Yiuf (D:3)
  Robin (D:3)
  7 adders
  An ooze (D:2)
  An adder skeleton (D:4)
  An adder zombie (D:4)
  4 worms
  3 leopard geckos
  4 orcs
  A ball python (D:1)
  A giant cockroach (D:2)
  2 gnoll zombies (D:2)
  14 goblins
  11 hobgoblins
  7 jackals
  A quokka (D:3)
  9 bats
  3 frilled lizards
  6 kobolds
  18 rats
99 creatures vanquished.

Notes
Turn   | Place    | Note
-------+----------+-------------------------------------------
     0 | D:1      | MirrMurr the Halfling Hunter began the quest for the Orb.
     0 | D:1      | Reached XP level 1. HP: 14/14 MP: 1/1
   393 | D:1      | Reached skill level 6 in Slings
   398 | D:1      | Reached XP level 2. HP: 16/19 MP: 2/2
   712 | D:1      | Reached skill level 1 in Short Blades
  1022 | D:1      | Reached XP level 3. HP: 16/24 MP: 3/3
  1807 | D:2      | Found a white marble altar of Elyvilon.
  1831 | D:2      | Reached skill level 1 in Armour
  1856 | D:2      | Reached XP level 4. HP: 22/29 MP: 4/4
  1945 | D:2      | Found a basalt altar of Yredelemnul.
  2485 | D:2      | Reached XP level 5. HP: 30/34 MP: 5/5
  2722 | D:2      | Reached skill level 7 in Slings
  2932 | D:3      | Noticed Robin
  2954 | D:3      | Killed Robin
  3128 | D:3      | Found a runed door.
  3132 | D:3      | Noticed Crazy Yiuf
  3148 | D:3      | Killed Crazy Yiuf
  3372 | D:3      | Noticed a moth of wrath
  3374 | D:3      | Found a bloodstained altar of Trog.
  3410 | D:3      | Became a worshipper of Trog the Wrathful
  3710 | D:3      | Reached XP level 6. HP: 40/41 MP: 6/6
  3941 | D:4      | Noticed an ogre
  3964 | D:4      | Killed an ogre
  3964 | D:4      | Reached skill level 8 in Slings
  4633 | D:4      | Found an iron altar of Okawaru.
  4805 | D:4      | Reached XP level 7. HP: 45/45 MP: 7/7
  4817 | D:4      | Found a snail-covered altar of Cheibriados.
  4846 | D:4      | Slain by a hound

Vault maps used:
D:1:      doesnt_arrival_eight_statues, st_stairs_4
D:2:      lemuel_zombie_altar_yredelemnul, old_standard_altar, first_ration
D:3:      tgw_trog, uniq_robin, uniq_crazy_yiuf_cottage
D:4:      kennysheep_okawaru_gauntlet, grunt_ministairs_10, chei_slow_surprise

Skill      XL: |  1  2  3  4  5  6 |
---------------+-------------------+-----
Slings         | 6 7 8 |  8.2
Short Blades   | 1 2 3 |  3.0
Fighting       | 2 |  2.8
Armour         | 1 2 |  2.5
Dodging        | 3 |  3.4
Stealth        | |  1.1

Action                   |  1- 3 |  4- 6 |  7- 9 || total
-------------------------+-------+-------+-------++-------
Melee: Short sword       |   104 |   168 |     6 ||   278
 Fire: Hunting sling     |    37 |   110 |       ||   147
  Use: Scroll            |     6 |     9 |       ||    15
 Stab: Sleeping          |     2 |       |       ||     2
  Eat: Chunk             |     3 |     7 |       ||    10
       Ration            |       |     1 |       ||     1
Armor: Leather armour    |    19 |    16 |       ||    35
       Scale mail        |       |    20 |     5 ||    25
Dodge: Dodged            |    73 |   121 |     6 ||   200
Block: Buckler           |       |     1 |     4 ||     5

Table legend:
 A = Spawn XP
 B = Non-spawn XP
 C = Spawn XP percentage of total XP
 D = Spawn monster count
 E = Non-spawn monster count
 F = Spawn count percentage of total count
 G = Total turns spent on level
                    A         B        C        D         E        F      G
               +---------+---------+-------+---------+---------+-------+---------
         Total |       0 |     519 |   0.0 |       0 |      99 |   0.0 |  4846
               +---------+---------+-------+---------+---------+-------+---------
           D:1 |       0 |      50 |   0.0 |       0 |      33 |   0.0 |  1906
           D:2 |       0 |     104 |   0.0 |       0 |      27 |   0.0 |   973
           D:3 |       0 |     123 |   0.0 |       0 |      27 |   0.0 |   985
           D:4 |       0 |     242 |   0.0 |       0 |      12 |   0.0 |   982
               +---------+---------+-------+---------+---------+-------+---------
